 Dungeon Crawl Stone Soup version 0.28-a0-1117-g0bdd5ba030 (webtiles) character file.

Game seed: 639224441586846662

9 SensoryNuts the Ducker (level 2, 22/22 HPs)
             Began as a Demonspawn Gladiator on Dec 11, 2021.
             Quit the game on level 1 of the Dungeon.
             The game lasted 00:00:25 (224 turns).

SensoryNuts the Ducker (Demonspawn Gladiator)        Turns: 224, Time: 00:00:25

Health: 22/22      AC:  3    Str: 14    XL:     2   Next: 3%
Magic:  2/2        EV: 12    Int:  9    God:
Gold:   28         SH:  0    Dex: 14    Spells: 1/1 levels left

rFire   . . .      SeeInvis .   a - +0 long sword
rCold   . . .      Faith    .   (no shield)
rNeg    . . .      Spirit   .   b - +0 leather armour
rPois   .          Reflect  .   (helmet restricted)
rElec   .          Harm     .   (no cloak)
rCorr   .          Rampage  .   (no gloves)
Will    .....                   (no boots)
Stlth   +.........              (no amulet)
HPRegen 0.07/turn               (no ring)
MPRegen 0.08/turn               (no ring)

@: no status effects
A: antennae 1
a: no special abilities


You were on level 1 of the Dungeon.
You visited 1 branch of the dungeon, and saw 1 of its levels.

You collected 28 gold pieces.

Inventory:

Hand Weapons
 a - a +0 long sword (weapon)
Missiles
 d - 2 throwing nets (quivered)
Armour
 b - a +0 leather armour (worn)
 c - a +0 helmet
Scrolls
 e - a scroll of enchant weapon {unknown}


   Skills:
 + Level 2.0 Fighting
 + Level 2.8 Long Blades
 + Level 1.7 Throwing
 + Level 3.1 Dodging


You had one spell level left.
You didn't know any spells.
Your spell library was empty.

Dungeon Overview and Level Annotations

Branches:
Dungeon (1/15)

Altars:


Innate Abilities, Weirdness & Mutations

You have a pair of small antennae on your head.


Message History

The dart slug is moderately wounded.
The dart slug bites you.
You slash the dart slug!
You kill the dart slug!
Your Dodging skill increases to level 3!
No target in view!
No target in view!
No target in view!
No target in view!
You see here a dart slug corpse.
You now have 19 gold pieces (gained 12).
An endoplasm comes into view.
The endoplasm quivers.
An endoplasm is nearby!
An endoplasm is nearby!
You hit the endoplasm.
The endoplasm is severely wounded.
The endoplasm misses you.
You hit the endoplasm.
You kill the endoplasm!
You have reached level 2!
Your demonic ancestry asserts itself...
A pair of antennae grows on your head!
Your +0 helmet falls away!
Found a scale mail.
You now have 28 gold pieces (gained 9).
A bat comes into view.
You see here a +0 scale mail.
A bat is nearby!
A kobold comes into view. It is wielding a +0 short sword.
Found 2 scrolls labelled ORPHEE NIEDGH.
A ball python comes into view.
The kobold shouts!
The ball python hisses angrily.
The kobold throws a stone.
The stone barely misses you. The bat misses you.
You throw a throwing net.
The throwing net closely misses the bat.
The bat barely misses you.
Are you sure you want to abandon this character and quit the game? (Confirm with "yes".)
Okay, then.
Are you sure you want to abandon this character and quit the game? (Confirm with "yes".)

#### ####..
..... #..?#
#.K.# ##.###b..#
.........# #.#
#(S.@.#### #.# #
#...#......#
#.#.# #.
######[####.#.
#.............
....####...##.##
.
.#####.#.##.###
...............#
....########.#.#
.. ...#.#


You could see a bat, a ball python and a kobold.

Vanquished Creatures
  A dart slug (D:1)
  An endoplasm (D:1)
  A giant cockroach (D:1)
  2 goblins (D:1)
  A rat (D:1)
6 creatures vanquished.

Notes
Turn   | Place    | Note
-------+----------+-------------------------------------------
     0 | D:1      | SensoryNuts the Demonspawn Gladiator began the quest for
                  | the Orb.
     0 | D:1      | Reached XP level 1. HP: 16/16 MP: 1/1
   166 | D:1      | Reached skill level 3 in Dodging
   191 | D:1      | Gained mutation: You have a pair of small antennae on your
                  | head. [demonic ancestry]
   191 | D:1      | Reached XP level 2. HP: 22/22 MP: 2/2
   224 | D:1      | Quit the game

Illustrated notes

Levels and vault maps discovered:
D:1:      eino_arrival_druids_welcome, layout_loops_ring, minivault_27,
          minmay_tetromino_i4

Skill      XL: |  1 |
---------------+----+-----
Dodging        | 3 |  3.1
Fighting       | |  2.0
Long Blades    | |  2.8
Throwing       | |  1.7

Action                   || total
-------------------------++-------
Melee: Long sword        ||    17
Throw: Throwing net      ||     1
Armor: Leather armour    ||     7
Dodge: Dodged            ||    16

Table legend: (Time is in decaauts)
 A = Elapsed time spent in this place.
 B = Non-inter-level travel time spent in this place.
 C = Inter-level travel time spent in this place.
 D = Time resting spent in this place.
 E = Time spent auto-exploring this place.
 F = Levels seen in this place.
 G = Mean time per level.
                   A        B        C        D        E       F      G
               +--------+--------+--------+--------+--------+-----+--------+
         Total |    228 |    228 |      0 |      0 |    176 |   1 |  228.0 |
       Dungeon |    228 |    228 |      0 |      0 |    176 |   1 |  228.0 |
               +--------+--------+--------+--------+--------+-----+--------+

Top non-repeatable levels by time:
     D:1: 228 daAuts
